 Dungeon Crawl Stone Soup version 0.30.1-11-g7821555f0a (webtiles) character file.

Game seed: 13316941614786423208

23382 meemomeemo the Fighter (level 13, -4/111 HPs)
             Began as a Gnoll Wanderer on Nov 19, 2023.
             Was the Champion of Elyvilon.
             Slain by a skyshark (6 damage)
             ... on level 3 of the Lair of Beasts on Nov 21, 2023.
             The game lasted 02:24:05 (17304 turns).

meemomeemo the Fighter (Gnoll Wanderer)            Turns: 17304, Time: 02:24:05

Health: -4/111     AC: 12    Str: 29    XL:     13   Next: 6%
Magic:  25/25      EV: 13    Int: 11    God:    Elyvilon [******]
Gold:   531        SH:  0    Dex: 10    Spells: 16/28 levels left

rFire   . . .        F - +10 quarterstaff "Oshoukkigo" {flame, Contam rPois Str+4}
rCold   . . .        (shield currently unavailable)
rNeg    . . .        h - +2 ring mail {rPois}
rPois   +            k - +2 hat
rElec   .            N - +0 cloak {rPois}
rCorr   .            (no gloves)
SInv    .            (no boots)
Will    .....        r - amulet of faith
Stlth   +++          w - +6 ring of strength
HPRegen 0.38/turn    D - ring of wizardry
MPRegen 0.19/turn

%: faith, wizardry (x1)
@: mighty, hasted, very quick
A: fangs 1, strong nose, distributed training
a: Renounce Religion, Purification, Heal Other, Heal Self, Divine Vigour


You were on level 3 of the Lair of Beasts.
You worshipped Elyvilon.
Elyvilon was exalted by your worship.
You visited 3 branches of the dungeon, and saw 15 of its levels.

You collected 821 gold pieces.
You spent 290 gold pieces at shops.

Inventory:

Hand Weapons
 l - a +5 trident of venom
 F - the +10 quarterstaff "Oshoukkigo" (weapon) {flame, Contam rPois Str+4}
   (You took it off a kobold brigand on level 9 of the Dungeon)

   Str:       It affects your strength (+4).
   rPois:     It protects you from poison.
   Contam:    It causes magical contamination when unequipped.
 H - a +6 mace of electrocution
Missiles
 i - 9 poisoned darts (quivered)
Armour
 d - a +2 robe of cold resistance
 h - a +2 ring mail of poison resistance (worn)
 k - a +2 hat (worn)
 v - the +3 warlock's mirror {omnireflect}
   (You acquired it on level 5 of the Dungeon)

   Omnireflect: It can block and reflect piercing ranged attacks and magical
   attacks against the wielder's willpower.
 J - a +2 robe of positive energy
 N - a +0 cloak of poison resistance (worn)
Jewellery
 g - a ring of protection from fire
 r - an amulet of faith (around neck)
 t - a ring of poison resistance
 w - a +6 ring of strength (left hand)
 D - a ring of wizardry (right hand)
Wands
 a - a wand of digging (5)
 e - a wand of roots (6)
 u - a wand of paralysis (8)
 L - a wand of polymorph (8)
Scrolls
 b - 3 scrolls of poison
 j - a scroll of enchant armour
 n - a scroll of identify
 o - a scroll of magic mapping
 p - a scroll of vulnerability
 y - 4 scrolls of immolation
 A - 2 scrolls of teleportation
 B - 2 scrolls of brand weapon
 E - a scroll of noise
Potions
 c - a potion of invisibility
 f - a potion of curing
 m - a potion of resistance
 s - 2 potions of mutation
 x - 5 potions of attraction
 z - 2 potions of haste
 G - a potion of ambrosia
 M - 2 potions of flight
Miscellaneous
 q - a phial of floods


   Skills:
 + Level 13.1 Fighting
 + Level 8.2 Short Blades
 + Level 8.2 Long Blades
 + Level 9.4 Axes
 + Level 8.6 Maces & Flails
 + Level 8.2 Polearms
 + Level 8.2 Staves
 + Level 8.2 Ranged Weapons
 + Level 8.2 Throwing
 + Level 8.6 Armour
 + Level 8.2 Dodging
 + Level 8.2 Stealth
 + Level 8.2 Shields
 + Level 8.2 Unarmed Combat
 + Level 8.2 Spellcasting
 + Level 6.8 Conjurations
 + Level 6.8 Hexes
 + Level 6.8 Summonings
 + Level 6.8 Necromancy
 + Level 6.8 Translocations
 + Level 6.8 Transmutations
 + Level 6.8 Fire Magic
 + Level 6.8 Ice Magic
 + Level 6.8 Air Magic
 + Level 6.8 Earth Magic
 + Level 6.8 Poison Magic
 + Level 9.0 Invocations
 + Level 8.6 Evocations


You had 16 spell levels left.
You knew the following spells:

 Your Spells              Type           Power      Damage    Failure   Level
a - Freeze                Ice            76%        1d8       1%          1
b - Hailstorm             Conj/Ice       19%        3d6       1%          3
c - Summon Small Mammal   Summ           76%        N/A       1%          1
d - Frozen Ramparts       Ice            38%        1d6       1%          3
e - Olgreb's Toxic Radia  Pois           19%        N/A       5%          4

Your spell library contained the following spells:

 Spells                   Type           Power      Damage    Failure   Level
 Sting                    Tmut/Pois      76%        1d6       1%          1
 Poisonous Vapours        Pois/Air       38%        N/A       1%          2
 Vhi's Electric Charge    Tloc/Air       38%        N/A       1%          3
 Alistair's Intoxication  Tmut/Pois      12%        N/A       14%         5
 Arcjolt                  Conj/Air       9%         1d19      14%         5
 Borgnjor's Vile Clutch   Necr/Erth      9%         N/A       14%         5
 Eringya's Noxious Bog    Tmut/Pois      9%         N/A       58%         6
 Plasma Beam              Fire/Air       9%         2x1d22    58%         6
 Summon Cactus Giant      Summ           9%         N/A       58%         6


Dungeon Overview and Level Annotations

Branches:
Dungeon (10/15)            Temple (1/1) D:7            Lair (4/5) D:8
 Shoals (0/4) Lair:2        Snake (0/4) Lair:2          Orc (0/2) D:10
  Slime: Lair:4-5

Altars:
Ashenzari
Cheibriados
Dithmenos
Elyvilon
Fedhas
Gozag
Hepliaklqana
Kikubaaqudgha
Makhleb
Nemelex Xobeh
Okawaru
Qazlal
Ru
Sif Muna
Trog
Uskayaw
Vehumet
Wu Jian
Xom
Yredelemnul
Zin
The Shining One

Shops:
D:6 [*   D:7 !   D:9 *   D:10 ([

Annotations:
D:1 Necronomicon Here
D:3 exclusion: door
D:4 Robin
D:6 general store, armor store here
D:7 potion store here
D:9 antique store here
D:10 two stores near mine entrance
Lair:1 exclusion: oklob plant
Lair:2 exclusion: 4 doors


Innate Abilities, Weirdness & Mutations

You have very sharp teeth.
Your uncanny sense of smell can sniff out nearby items.
Your experience applies equally to all skills.


Message History

The blink frog blinks!
The skyshark bites you!
The skyshark tastes blood and grows stronger!
The skyshark tail-slaps you. The skyshark barely misses you.
Your rat barely misses the blink frog.
You sock the skyshark! You burn the skyshark.
The skyshark is moderately wounded.
The skyshark misses you. The skyshark closely misses you.
The skyshark tail-slaps you.
Your rat barely misses the blink frog.
The skyshark closely misses you. The skyshark tail-slaps you.
The skyshark completely misses you. The skyshark attacks as you move away!
The skyshark misses you. The skyshark closely misses you.
The skyshark tail-slaps you!
The blink frog attacks as you move away!
The blink frog closely misses you.
The blink frog blinks!
Your rat closely misses the blink frog.
The blink frog blinks! x2
The blink frog closely misses you.
You feel very mighty all of a sudden. The blink frog misses you.
The skyshark bites you!!
The skyshark enters a blood-rage!
The skyshark closely misses you. The skyshark misses you.
You barely miss the skyshark.
The skyshark is moderately wounded.
The blink frog hits you!
* * * LOW HITPOINT WARNING * * *
The blink frog blinks!
The skyshark bites you!!
* * * LOW HITPOINT WARNING * * *
The skyshark barely misses you.
The skyshark tail-slaps you but does no damage.
You feel yourself speed up. The skyshark closely misses you.
The skyshark tail-slaps you.
* * * LOW HITPOINT WARNING * * *
The skyshark tail-slaps you.
* * * LOW HITPOINT WARNING * * *
The blink frog blinks!
The skyshark bites you! Elyvilon protects you from harm!
The skyshark tail-slaps you.
* * * LOW HITPOINT WARNING * * *
The skyshark tail-slaps you.
You die...

... ##.... ..........#
#.... ..........### ##...
............## ######..
............# ###...##..
....^.....F.######.......#.
...........# #.##..........
....:....lF####............
.....F.§r§@................
..........#................
.....!....####.............
..........# #............#
#.........# ##............
.....[....# #P............
##...F...## ##...........#
##......# #......#..###
###########


You could see a skyshark (berserk, ally target), 3 blink frogs and a friendly
rat (summoned).

Vanquished Creatures
  A two-headed ogre (D:8)
  A catoblepas (Lair:1)
  Nergalle (D:10)
  A skyshark (Lair:3)
  A lindwurm (Lair:2)
  Pikel (D:6)
  An ugly thing (D:7)
  A cyclops (D:7)
  Maurice (D:8)
  A black mamba (Lair:2)
  3 elephants (Lair:3)
  A water nymph (Lair:2)
  6 cane toads
  2 unseen horrors
  3 rime drakes
  Maggie (D:7)
  Psyche (D:8)
  2 komodo dragons (Lair:1)
  3 polar bears
  2 hornets
  12 dream sheep (Lair:3)
  Sigmund (D:5)
  A shadow (D:7)
  26 yaks
  A slime creature (D:8)
  2 wraiths
  2 wyverns
  A basilisk (Lair:3)
  Menkaure (D:7)
  5 water moccasins
  An orc warrior (D:10)
  An ice beast (D:6)
  4 sky beasts
  2 ogres (D:6)
  4 black bears
  3 wolves (Lair:1)
  2 centaurs
  A phantom (D:3)
  A kobold brigand (D:9)
  7 bullfrogs
  2 gnoll sergeants
  2 scorpions
  13 wights
  6 killer bees
  5 howler monkeys
  3 jellies
  10 orc priests
  Crazy Yiuf (D:3)
  2 gnoll boudas
  2 hounds (D:4)
  An iron imp (D:3)
  Ijyb (D:4)
  5 iguanas
  11 orc wizards
  6 adders
  20 gnolls
  A shadow imp (D:7)
  2 white imps (D:6)
  2 ufetubi
  2 worms
  A dart slug (D:4)
  40 orcs
  5 bats
  8 endoplasms
  8 giant cockroaches
  16 hobgoblins
  4 jackals (D:1)
  7 quokkas
  7 ball pythons
  A frilled lizard (D:1)
  13 goblins
  16 kobolds
  9 rats
344 creatures vanquished.

Vanquished Creatures (others)
  A wizard (D:6)
  2 giant cockroaches (D:3)
  2 goblins (D:3)
  A hobgoblin (D:3)
  A quokka (D:3)
  A ball python (D:3)
  6 kobolds
14 creatures vanquished.

Grand Total: 358 creatures vanquished

Notes
Turn   | Place    | Note
-------+----------+-------------------------------------------
     0 | D:1      | Reached skill level 10 in Fighting
     0 | D:1      | meemomeemo the Gnoll Wanderer began the quest for the Orb.
     0 | D:1      | meemomeemo set off with the following items: a +3 hand axe,
                  | a +0 mace, a potion of lignification, a +0 leather armour.
     0 | D:1      | Reached XP level 1. HP: 29/29 MP: 1/1
    50 | D:1      | Reached XP level 2. HP: 36/36 MP: 2/2
   436 | D:1      | Reached XP level 3. HP: 42/42 MP: 3/3
   802 | D:2      | Reached skill level 1 in Invocations
  1055 | D:2      | Reached skill level 1 in Short Blades
  1055 | D:2      | Reached skill level 1 in Long Blades
  1055 | D:2      | Reached skill level 1 in Polearms
  1055 | D:2      | Reached skill level 1 in Staves
  1055 | D:2      | Reached skill level 1 in Ranged Weapons
  1055 | D:2      | Reached skill level 1 in Throwing
  1055 | D:2      | Reached skill level 1 in Dodging
  1055 | D:2      | Reached skill level 1 in Stealth
  1055 | D:2      | Reached skill level 1 in Shields
  1055 | D:2      | Reached skill level 1 in Unarmed Combat
  1055 | D:2      | Reached skill level 1 in Spellcasting
  1309 | D:2      | Reached XP level 4. HP: 47/48 MP: 5/5
  1788 | D:3      | Reached skill level 1 in Conjurations
  1788 | D:3      | Reached skill level 1 in Hexes
  1788 | D:3      | Reached skill level 1 in Summonings
  1788 | D:3      | Reached skill level 1 in Necromancy
  1788 | D:3      | Reached skill level 1 in Translocations
  1788 | D:3      | Reached skill level 1 in Transmutations
  1788 | D:3      | Reached skill level 1 in Fire Magic
  1788 | D:3      | Reached skill level 1 in Ice Magic
  1788 | D:3      | Reached skill level 1 in Air Magic
  1788 | D:3      | Reached skill level 1 in Earth Magic
  1788 | D:3      | Reached skill level 1 in Poison Magic
  1850 | D:3      | Reached XP level 5. HP: 54/54 MP: 7/7
  1957 | D:3      | Found a stormy altar of Qazlal.
  1958 | D:3      | Noticed a fire elemental
  1958 | D:3      | Noticed a water elemental
  1958 | D:3      | Noticed an air elemental
  1982 | D:3      | Learned a level 1 spell: Freeze
  2008 | D:3      | Noticed a +0 spear
  2009 | D:3      | Noticed a +0 falchion
  2017 | D:3      | Noticed a +0 dagger
  2017 | D:3      | Noticed a +0 short sword
  2017 | D:3      | Noticed a +0 spear
  2020 | D:3      | Noticed a +0 short sword
  2020 | D:3      | Noticed a +0 falchion
  2026 | D:3      | Noticed a +0 dagger
  2035 | D:3      | Found a hide-covered altar of Uskayaw.
  2207 | D:3      | Noticed a phantom
  2213 | D:3      | Found a shimmering altar of Xom.
  2237 | D:3      | Killed a phantom
  2238 | D:3      | Reached skill level 5 in Axes
  2238 | D:3      | Reached XP level 6. HP: 16/61 MP: 8/8
  2436 | D:3      | Found a snail-covered altar of Cheibriados.
  2465 | D:3      | Found a white marble altar of Elyvilon.
  2477 | D:3      | Became a worshipper of Elyvilon the Healer
  2893 | D:3      | Found a runed translucent door.
  2894 | D:3      | Noticed Crazy Yiuf
  3082 | D:3      | Killed Crazy Yiuf
  3652 | D:4      | Reached XP level 7. HP: 67/67 MP: 10/10
  3881 | D:4      | Reached * piety under Elyvilon
  3903 | D:4      | Noticed Robin
  3904 | D:4      | Noticed Ijyb
  3931 | D:4      | Killed Ijyb
  4231 | D:5      | Entered Level 5 of the Dungeon
  4444 | D:5      | Noticed Pikel
  4480 | D:6      | Killed Pikel
  4481 | D:6      | Reached XP level 8. HP: 37/74 MP: 10/12
  4615 | D:5      | Identified a scroll of acquirement
  4616 | D:5      | Acquired the +3 warlock's mirror {omnireflect}
  4616 | D:5      | Found the +3 warlock's mirror {omnireflect}
  4650 | D:5      | Noticed Sigmund
  4686 | D:5      | Paralysed by Sigmund for 3 turns
  4726 | D:5      | Killed Sigmund
  4727 | D:5      | Reached skill level 11 in Fighting
  5131 | D:6      | Reached ** piety under Elyvilon
  5232 | D:6      | Found Kiewimp's General Store.
  5260 | D:6      | Bought a potion of attraction for 36 gold pieces
  5260 | D:6      | Bought a scroll of identify for 24 gold pieces
  5437 | D:6      | Reached XP level 9. HP: 81/81 MP: 14/14
  5621 | D:6      | Found a glowing golden altar of the Shining One.
  5697 | D:6      | Found a bloodstained altar of Trog.
  5700 | D:6      | Noticed a wizard
  5706 | D:6      | Killed a wizard
  5832 | D:6      | Reached skill level 5 in Maces & Flails
  5832 | D:6      | Reached skill level 5 in Armour
  5832 | D:6      | Reached skill level 5 in Evocations
  5898 | D:6      | Found Ezemm's Armour Shoppe.
  6114 | D:7      | Reached *** piety under Elyvilon
  6127 | D:7      | Noticed Menkaure
  6133 | D:7      | Killed Menkaure
  6152 | D:7      | Found an ornate altar of the Wu Jian Council.
  6197 | D:7      | Reached skill level 5 in Invocations
  6385 | D:7      | Learned a level 3 spell: Hailstorm
  6828 | D:7      | Found Haro's Distillery.
  7113 | D:7      | Found a staircase to the Ecumenical Temple.
  7164 | D:7      | Found a burning altar of Makhleb.
  7164 | D:7      | Noticed an Executioner
  7215 | D:7      | Reached **** piety under Elyvilon
  7262 | D:7      | Noticed Maggie
  7277 | D:7      | Killed Maggie
  7278 | D:7      | Reached skill level 5 in Short Blades
  7278 | D:7      | Reached skill level 5 in Long Blades
  7278 | D:7      | Reached skill level 5 in Polearms
  7278 | D:7      | Reached skill level 5 in Staves
  7278 | D:7      | Reached skill level 5 in Ranged Weapons
  7278 | D:7      | Reached skill level 5 in Throwing
  7278 | D:7      | Reached skill level 5 in Dodging
  7278 | D:7      | Reached skill level 5 in Stealth
  7278 | D:7      | Reached skill level 5 in Shields
  7278 | D:7      | Reached skill level 5 in Unarmed Combat
  7278 | D:7      | Reached skill level 5 in Spellcasting
  7278 | D:7      | Reached XP level 10. HP: 65/88 MP: 17/17
  7491 | D:8      | Noticed a two-headed ogre
  7496 | D:8      | Noticed Psyche
  7626 | D:8      | Found a blossoming altar of Fedhas.
  7735 | D:8      | Noticed Maurice
  7745 | D:8      | Killed Maurice
  7767 | Temple   | Entered the Ecumenical Temple
  8219 | D:8      | Killed Psyche
  8262 | D:8      | Noticed a brown ugly thing
  8301 | D:8      | Found a staircase to the Lair.
  8396 | D:8      | Found a glowing silver altar of Zin.
  8430 | D:8      | Killed a two-headed ogre
  8474 | D:8      | Noticed a cyclops
  8543 | D:7      | Killed a cyclops
  8693 | D:7      | Killed a brown ugly thing
  8694 | D:7      | Reached skill level 12 in Fighting
  8694 | D:7      | Reached skill level 5 in Conjurations
  8694 | D:7      | Reached skill level 5 in Hexes
  8694 | D:7      | Reached skill level 5 in Summonings
  8694 | D:7      | Reached skill level 5 in Necromancy
  8694 | D:7      | Reached skill level 5 in Translocations
  8694 | D:7      | Reached skill level 5 in Transmutations
  8694 | D:7      | Reached skill level 5 in Fire Magic
  8694 | D:7      | Reached skill level 5 in Ice Magic
  8694 | D:7      | Reached skill level 5 in Air Magic
  8694 | D:7      | Reached skill level 5 in Earth Magic
  8694 | D:7      | Reached skill level 5 in Poison Magic
  8694 | D:7      | Reached XP level 11. HP: 57/95 MP: 18/20
  8885 | D:8      | Got the Omnibus of Subzero Creation
  8888 | D:8      | Learned a level 1 spell: Summon Small Mammal
  9171 | Lair:1   | Entered Level 1 of the Lair of Beasts
  9178 | Lair:1   | Noticed an oklob plant
  9232 | Lair:1   | Reached ***** piety under Elyvilon
  9862 | D:9      | Identified the +10 quarterstaff "Oshoukkigo" {flame, Contam
                  | rPois Str+4}
  9920 | D:9      | Found a basalt altar of Yredelemnul.
  9920 | D:9      | Found an iron altar of Okawaru.
 10116 | D:9      | Found Diyc's Assorted Antiques.
 10371 | D:10     | Entered Level 10 of the Dungeon
 10382 | D:9      | Bought a scroll of teleportation for 69 gold pieces
 10382 | D:9      | Bought a glowing ring mail for 161 gold pieces
 10597 | Temple   | Learned a level 3 spell: Frozen Ramparts
 11791 | D:10     | Found Kefulum's Armour Boutique.
 11793 | D:10     | Found a staircase to the Orcish Mines.
 11821 | D:10     | Found Kubofy's Weapon Boutique.
 11963 | D:10     | Noticed Nergalle
 11979 | D:10     | Killed Nergalle
 12231 | D:10     | Found a sacrificial altar of Ru.
 12231 | D:10     | Found a hazy altar of Hepliaklqana.
 12992 | Lair:2   | Reached XP level 12. HP: 81/103 MP: 19/22
 13098 | Lair:2   | Found a staircase to the Snake Pit.
 13707 | Lair:1   | Identified the +9 short sword "Ivvu" {heavy, +Blink rPois
                  | rF+ Int-5}
 13782 | Lair:1   | Noticed a catoblepas
 14211 | Lair:1   | Identified the +0 leather armour of Terror {Rampage rPois
                  | rCorr Int-5}
 14258 | Lair:1   | Reached ****** piety under Elyvilon
 14335 | Lair:1   | Killed a catoblepas
 14935 | Lair:2   | Learned a level 4 spell: Olgreb's Toxic Radiance
 14995 | Lair:2   | Noticed an eight-headed hydra
 16565 | Lair:3   | Reached skill level 13 in Fighting
 16669 | Lair:3   | Noticed a skyshark
 16755 | Lair:3   | Reached XP level 13. HP: 83/111 MP: 25/25
 17304 | Lair:3   | HP: 5/111 [skyshark (4)]
 17304 | Lair:3   | Elyvilon protects you from harm!
 17304 | Lair:3   | HP: 2/111 [skyshark (2)]
 17304 | Lair:3   | Slain by a skyshark

Illustrated notes

Levels and vault maps discovered:
D:1:      shiori_arrival_maze, layout_loops_ring, minmay_surrounded
D:2:      layout_basic, minmay_bisected
D:3:      layout_basic, nicolae_qazlal_style_of_elements,
          mainiacjoe_overflow_boulevard, xom_confusion_cloud,
          nicolae_uskayaw_en_pointe, slow_altar_2, serial_bayou_pond_b,
          hex_medium, uniq_crazy_yiuf_cottage
D:4:      layout_basic, nicolae_goblin_pals
D:5:      layout_rooms, serial_glass, glass_columns_b, glass_columns_b,
          glass_columns_a, glass_columns_a, glass_columns_c, glass_columns_c,
          glass_columns_a, glass_columns_b, glass_columns_b, glass_columns_a,
          glass_columns_c, glass_columns_a, glass_columns_a, glass_columns_c,
          serial_bayou_pond_d, uniq_pikel, uniq_sigmund
D:6:      layout_loops_cross, trog_wizard, mainiacjoe_overflow_tiny_flanked,
          serial_shops, nicolae_shop_statue_plus, shop_fountains,
          supply_closet_lemuel, nicolae_eternal_life, corner_web_ring
D:7:      layout_loops_ring, nicolae_wu_jian_wuxing_cycle,
          makhleb_altar_promises_db, minmay_temple_entry_from_below_a,
          minmay_misc_feat_tower, nicolae_inconvenience_store,
          palyth_stone_intersect, uniq_menkaure, uniq_maggie
D:8:      layout_loops_ring, fedhas_ov_isle_minmay,
          mainiacjoe_overflow_six_doors_small, lair_entry_dummy,
          minmay_pinched_square, uniq_maurice, uniq_psyche
D:9:      layout_rooms, gammafunk_temple_overflow_elements, serial_shops,
          shop_fountains
D:10:     layout_long_grid, gammafunk_temple_overflow_wave, orc_david_3,
          kennysheep_potato, uniq_nergalle
Temple:   hellmonk_temple_beads
Lair:1:   layout_cellular_growth, serial_bayou_shore_b, grunt_megastairs_3
Lair:2:   nzn_winding_woodlands_cross [nzn_winding_woodlands_5x15_zeroes,
          nzn_winding_woodlands_5x15_split_checker,
          nzn_winding_woodlands_5x15_lazy_stream,
          nzn_winding_woodlands_5x15_default,
          nzn_winding_woodlands_15x15_killbox], layout_small_grid,
          nicolae_shoals_entry_flooding
Lair:3:   layout_cave_pods
Lair:4:   layout_hall_layers, infiniplex_staircase_pool

Skill      XL: |  1  2  3  4  5  6  7  8  9 10 11 12 13 |
---------------+----------------------------------------+-----
Fighting       | 11 12 13 | 13.1
Invocations    | 1 2 3 4 5 6 7 8 9 |  9.0
Short Blades   | 1 2 3 5 6 7 8 |  8.2
Long Blades    | 1 2 3 5 6 7 8 |  8.2
Polearms       | 1 2 3 5 6 7 8 |  8.2
Staves         | 1 2 3 5 6 7 8 |  8.2
Ranged Weapons | 1 2 3 5 6 7 8 |  8.2
Throwing       | 1 2 3 5 6 7 8 |  8.2
Dodging        | 1 2 3 5 6 7 8 |  8.2
Stealth        | 1 2 3 5 6 7 8 |  8.2
Shields        | 1 2 3 5 6 7 8 |  8.2
Unarmed Combat | 1 2 3 5 6 7 8 |  8.2
Spellcasting   | 1 2 3 5 6 7 8 |  8.2
Conjurations   | 1 2 3 4 5 6 |  6.8
Hexes          | 1 2 3 4 5 6 |  6.8
Summonings     | 1 2 3 4 5 6 |  6.8
Necromancy     | 1 2 3 4 5 6 |  6.8
Translocations | 1 2 3 4 5 6 |  6.8
Transmutations | 1 2 3 4 5 6 |  6.8
Fire Magic     | 1 2 3 4 5 6 |  6.8
Ice Magic      | 1 2 3 4 5 6 |  6.8
Air Magic      | 1 2 3 4 5 6 |  6.8
Earth Magic    | 1 2 3 4 5 6 |  6.8
Poison Magic   | 1 2 3 4 5 6 |  6.8
Maces & Flails | 3 4 5 6 7 8 |  8.6
Armour         | 3 4 5 6 7 8 |  8.6
Evocations     | 3 4 5 6 7 8 |  8.6
Axes           | 5 6 7 8 9 |  9.4

Action                     |  1- 3 |  4- 6 |  7- 9 | 10-12 | 13-15 || total
---------------------------+-------+-------+-------+-------+-------++-------
  Melee: Hand axe          |   106 |   120 |       |       |       ||   226
         Bite              |     8 |    16 |    17 |    50 |     2 ||    93
         Punch             |     2 |     1 |     1 |       |       ||     4
         Dagger            |    14 |       |       |       |       ||    14
         Trident           |       |    32 |   196 |   109 |       ||   337
         Mace              |       |       |       |   275 |       ||   275
         Quarterstaff      |       |       |       |   129 |    17 ||   146
  Throw: Stone             |    30 |    22 |       |       |       ||    52
         Boomerang         |       |       |    35 |   112 |       ||   147
         Throwing net      |       |       |     1 |       |       ||     1
         Dart              |       |       |       |    46 |       ||    46
   Cast: Freeze            |       |     1 |       |       |       ||     1
         Summon Small Mamm |       |       |       |     4 |     1 ||     5
         Frozen Ramparts   |       |       |       |     1 |     1 ||     2
         Hailstorm         |       |       |       |     1 |       ||     1
 Invoke: Heal Other        |       |       |       |     2 |       ||     2
         Purification      |       |       |       |     1 |       ||     1
         Divine Vigour     |       |       |       |     1 |       ||     1
  Evoke: Wand              |       |       |     3 |    10 |       ||    13
    Use: Scroll            |     2 |     8 |    11 |    19 |     2 ||    42
         Potion            |       |     4 |       |    13 |     2 ||    19
   Stab: Paralysed         |       |       |     6 |     8 |       ||    14
         Sleeping          |       |       |       |       |     1 ||     1
 Armour: Leather armour    |    29 |    24 |       |       |       ||    53
         Skin              |       |     6 |       |    12 |       ||    18
         Chain mail        |       |     3 |    65 |    75 |       ||   143
         Ring mail         |       |       |       |   119 |     8 ||   127
  Dodge: Dodged            |    76 |    53 |    62 |   293 |    20 ||   504
  Block: Tower shield      |       |       |     1 |       |       ||     1
         Buckler           |       |       |    40 |   177 |       ||   217
         Reflection        |       |       |     6 |    12 |       ||    18
